 Dungeon Crawl Stone Soup version 0.24.0-10-g970556be89 (webtiles) character file.

Game seed: 5245847336145691851, levelgen mode: deterministic

691 wullow the Magician (level 7, -1/41 HPs)
             Began as a Gargoyle Venom Mage on Nov 3, 2019.
             Slain by an ice beast (10 damage)
             ... on level 5 of the Dungeon.
             The game lasted 00:17:54 (4967 turns).

wullow the Magician (Gargoyle Venom Mage)           Turns: 4967, Time: 00:17:56

Health: -1/41      AC:  7    Str: 13      XL:     7   Next: 63%
Magic:  13/13      EV: 12    Int: 16      God:
Gold:   218        SH:  0    Dex:  8 (10) Spells: 8/14 levels left

rFire    . . .     SeeInvis .   v - +0 mace (holy)
rCold    . . .     Gourm    .   (no shield)
rNeg     + . .     Faith    .   a - +0 robe
rPois    ∞         Spirit   .   (no helmet)
rElec    +         Reflect  .   r - +0 cloak
rCorr    .         Harm     .   (no gloves)
MR       .....                  (no boots)
Stlth    ++........             (no amulet)
HPRegen  0.13/turn              (no ring)
MPRegen  0.13/turn              (no ring)

@: no status effects
A: negative energy resistance 1, electricity resistance, unbreathing,
petrification resistance, rot immunity, AC +4
a: no special abilities


You were on level 5 of the Dungeon.
You were not hungry.

You visited 2 branches of the dungeon, and saw 6 of its levels.

You collected 218 gold pieces.

Inventory:

Hand Weapons
 d - a +0 dagger
 i - a +0 mace
 v - a +0 mace of holy wrath (weapon)
Missiles
 e - 68 arrows
 j - 20 stones (quivered)
 t - 25 sling bullets
 u - 13 poisoned darts
Armour
 a - a +0 robe (worn)
 r - a +0 cloak (worn)
Jewellery
 w - an uncursed ring of stealth {unknown}
Scrolls
 f - 2 scrolls of enchant armour {unknown}
 g - a scroll of amnesia {unknown}
 h - 2 scrolls of remove curse
 l - 2 scrolls of teleportation {unknown}
 m - a scroll of noise {unknown}
 n - a scroll of fog {unknown}
 o - a scroll of fear {unknown}
 q - a scroll of immolation {unknown}
 s - 3 scrolls of identify {unknown}
Potions
 b - 2 potions of might
 k - a potion of flight {unknown}
 p - a potion of brilliance
Comestibles
 c - 2 rations


   Skills:
 + Level 3.0 Fighting
 * Level 0.0 Maces & Flails
 - Level 2.1 Dodging
 + Level 3.1 Stealth
 * Level 4.4 Spellcasting
 - Level 3.0 Conjurations
 - Level 3.0 Air Magic
 + Level 4.0 Poison Magic


You had 8 spell levels left.
You knew the following spells:

 Your Spells              Type           Power        Failure   Level  Hunger
a - Sting                 Conj/Pois      ##..         3%          1    None
b - Poisonous Vapours     Pois/Air       ##....       6%          2    ##.....
c - Mephitic Cloud        Conj/Pois/Air  ##......     12%         3    ###....

Your spell library contained the following spells:

 Spells                   Type           Power        Failure   Level  Hunger
 Olgreb's Toxic Radiance  Pois           ###.....     30%         4    ####...
 Venom Bolt               Conj/Pois      ##........   71%         5    ######.


Dungeon Overview and Level Annotations

Branches:
Dungeon (5/15)             Temple (1/1) D:4

Altars:
Cheibriados
Dithmenos
Elyvilon
Fedhas
Hepliaklqana
Kikubaaqudgha
Makhleb
Nemelex Xobeh
Qazlal
Sif Muna
Uskayaw
Vehumet
Wu Jian
Yredelemnul
Zin
The Shining One


Innate Abilities, Weirdness & Mutations

You are resistant to torment.
Your stone body is resilient. (AC +4)
You are immune to poison.
You resist negative energy. (rN+)
You are resistant to electric shocks. (rElec)
You can survive without breathing.
You are immune to petrification.
You are immune to rotting.


Message History

You hit the ice beast but do no damage.
The ice beast is moderately wounded.
The ice beast barely misses you.
You closely miss the ice beast.
The ice beast is moderately wounded.
The ice beast hits you. The ice beast freezes you! The ice beast misses you.
You closely miss the ice beast.
The ice beast is moderately wounded.
The ice beast barely misses you.
You closely miss the ice beast.
The ice beast is moderately wounded.
The ice beast hits you. The ice beast freezes you!
* * * LOW HITPOINT WARNING * * *
You barely miss the ice beast.
The ice beast is moderately wounded.
The ice beast hits you but does no damage.
The ice beast hits you.
* * * LOW HITPOINT WARNING * * *
The ice beast freezes you!
You die...

##### #.#.#.# ....#
#.#.#.# ....## #.#.#.#
.....# #.#.#.#######
##...#####.#.#..[....#
.'...'...............+
##...#####.#####.###.#
##...# #.......###.#..
##...# #......@.......
##.....
.......Y.......
#####.##
#.............. # .#
#..............
#####.##
#.#####........
.......[ .. .......).
#####.## #.####### #
#.. #####.#


You could see an ice beast.

Vanquished Creatures
  Sigmund (D:4)
  A centaur (D:5)
  A bullfrog (D:2)
  A quasit (D:5)
  A bullfrog zombie (D:5)
  An orc priest (D:3)
  A gnoll shaman (D:4)
  2 orc wizards
  A worker ant (D:4)
  5 gnolls (D:4)
  4 adders
  4 adder skeletons
  A worm (D:2)
  2 dart slugs
  3 leopard geckos
  14 orcs
  A ball python (D:2)
  5 giant cockroaches
  5 hobgoblins
  5 jackals
  4 kobolds
  4 quokkas
  9 bats
  5 frilled lizards
  5 goblins
  A leopard gecko skeleton (D:5)
  9 rats
96 creatures vanquished.

Vanquished Creatures (others)
  5 toadstools (D:5)
5 creatures vanquished.

Grand Total: 101 creatures vanquished

Notes
Turn   | Place    | Note
-------+----------+-------------------------------------------
     0 | D:1      | wullow the Gargoyle Venom Mage began the quest for the Orb.
     0 | D:1      | Reached XP level 1. HP: 10/10 MP: 3/3
   332 | D:1      | Reached XP level 2. HP: 15/15 MP: 3/5
   336 | D:1      | Learned a level 2 spell: Poisonous Vapours
   950 | D:2      | Reached XP level 3. HP: 19/19 MP: 4/6
  1338 | D:2      | Learned a level 3 spell: Mephitic Cloud
  1341 | D:2      | Reached skill level 1 in Air Magic
  1453 | D:2      | Found a faded altar of an unknown god.
  1595 | D:2      | Found a shadowy altar of Dithmenos.
  1596 | D:2      | Reached XP level 4. HP: 24/24 MP: 4/7
  2182 | D:3      | Noticed a bullfrog
  2196 | D:2      | Killed a bullfrog
  2196 | D:2      | Reached XP level 5. HP: 18/28 MP: 0/9
  3204 | D:3      | Reached skill level 1 in Fighting
  3204 | D:3      | Reached XP level 6. HP: 34/34 MP: 1/10
  3353 | D:4      | Noticed Sigmund
  3450 | D:4      | Killed Sigmund
  3600 | D:4      | Reached XP level 7. HP: 21/40 MP: 2/12
  4289 | D:4      | Found a staircase to the Ecumenical Temple.
  4301 | Temple   | Entered the Ecumenical Temple
  4623 | D:5      | Entered Level 5 of the Dungeon
  4967 | D:5      | Slain by an ice beast

Levels and vault maps discovered:
D:1:      eino_arrival_druids_welcome, layout_basic
D:2:      layout_basic, chequers_ecumenical_altar_island, first_ration,
          grunt_dithmenos_smoke_and_mirrors
D:3:      layout_basic
D:4:      layout_cave_pools, minmay_temple_entry_large_hall, uniq_sigmund
D:5:      cheibrodos_fertilizer, layout_basic, ebering_ghost_reflecting_pool
Temple:   eino_temple_rhombus

Skill      XL: |  1  2  3  4  5  6  7 |
---------------+----------------------+-----
Conjurations   | 2 3 |  3.0
Air Magic      | 1 2 3 |  3.0
Poison Magic   | 4 |  4.0
Spellcasting   | 3 4 |  4.4
Fighting       | 1 2 3 |  3.0
Dodging        | 2 |  2.1
Stealth        | 3 |  3.1

Action                   |  1- 3 |  4- 6 |  7- 9 || total
-------------------------+-------+-------+-------++-------
Melee: Unarmed           |    46 |       |       ||    46
       Dagger            |    32 |    14 |       ||    46
       Mace              |       |    74 |    47 ||   121
 Cast: Sting             |    38 |     3 |     3 ||    44
       Poisonous Vapours |    13 |    48 |    27 ||    88
  Use: Scroll            |       |     1 |       ||     1
       Potion            |       |       |     2 ||     2
  Eat: Chunk             |     3 |    10 |     4 ||    17
       Ration            |       |       |     1 ||     1
Armor: Robe              |    25 |    54 |    44 ||   123
Dodge: Dodged            |    49 |    68 |    53 ||   170
